[Event "RUS-chT Men Rapid 2019"]
[Site "Sochi"]
[Date "2019.10.18"]
[Round "2.9"]
[White "Zakaryan, David"]
[Black "Bocharov, Dmitry"]
[Result "0-1"]
[ECO "B43"]
[WhiteElo "2338"]
[BlackElo "2519"]
[Annotator "ChessBase"]
[PlyCount "84"]
[EventDate "2019.10.18"]
[EventType "swiss"]
[EventCountry "RUS"]
[SourceTitle "playchess.com"]
[Source "ChessBase"]
[SourceQuality "1"]
[TimeControl "900+10"]

1. e4 c5 2. Nc3 e6 3. Nf3 a6 4. d4 cxd4 5. Nxd4 Qc7 6. Be3 Bb4 7. Nde2 Nf6 8. a3 Be7 9. h3 Nc6 10. f4 d6 11. g4 b5 12. g5 Nd7 13. Ng3 Bb7 14. h4 b4 15. axb4 Nxb4 16. Bg2 Nb6 17. O-O Nc4 18. Bd4 O-O 19. b3 Ne3 20. Bxe3 Qxc3 21. Qd2 Qxd2 22. Bxd2 Nxc2 23. Ra4 Rfc8 24. f5 Bc6 25. Ra2 Nd4 26. f6 Bf8 27. Bc3 Nxb3 28. fxg7 Bxg7 29. Bxg7 Kxg7 30. Raf2 Be8 31. Rf6 Rc1 32. Nh5+ Kf8 33. Rxc1 Nxc1 34. e5 d5 35. Nf4 Kg8 36. h5 a5 37. g6 a4 38. Nxd5 Ra7 39. gxh7+ Kh8 40. Rf1 Ne2+ 41. Kf2 exd5 42. Kxe2 Bb5+ 0-1

[Event "RUS-chT Men Rapid 2019"]
[Site "Sochi"]
[Date "2019.10.18"]
[Round "2.14"]
[White "Vakhlamov, Igor L."]
[Black "Pridorozhni, Aleksei"]
[Result "0-1"]
[ECO "B40"]
[WhiteElo "2413"]
[BlackElo "2599"]
[Annotator "RC"]
[PlyCount "90"]
[EventDate "2019.10.18"]
[EventType "swiss"]
[EventCountry "RUS"]
[SourceTitle "playchess.com"]
[Source "ChessBase"]
[SourceQuality "1"]
[TimeControl "900+10"]

1. e4 c5 2. Nf3 e6 3. g3 d5 4. exd5 exd5 5. Bg2 Qe7+ 6. Qe2 Qxe2+ 7. Kxe2 Nc6 8. Re1 h6 9. Kf1+ Be6 10. Ne5 Nxe5 11. Rxe5 Ne7 12. d3 Nc6 13. Re1 O-O-O 14. Bd2 g5 15. Nc3 Nd4 16. Rac1 Bg7 17. b3 Bf6 18. Ne2 Nc6 19. f4 g4 20. a3 h5 21. b4 c4 22. dxc4 dxc4 23. Bc3 Bxc3 24. Nxc3 Nd4 25. Ne2 Nf5 26. Kf2 Rd2 27. Red1 Rhd8 28. Rxd2 Rxd2 29. Ke1 c3 30. Be4 Ne3 31. Bd3 Bf5 32. Bxf5+ Nxf5 33. Nxc3 Rxh2 34. Ne2 h4 35. gxh4 Rxh4 36. Kf1 Rh2 37. Re1 g3 38. Kg1 Nh4 39. Nd4 Rg2+ 40. Kh1 Rf2 41. f5 Rh2+ 42. Kg1 Rd2 43. c3 Rxd4 44. cxd4 Nf3+ 45. Kf1 g2+ 0-1

[Event "RUS-chT Men Rapid 2019"]
[Site "Sochi"]
[Date "2019.10.18"]
[Round "2.16"]
[White "Frolov, Aleksey G."]
[Black "Belyakov, Bogdan"]
[Result "0-1"]
[ECO "C67"]
[WhiteElo "2093"]
[BlackElo "2495"]
[Annotator "ChessBase"]
[PlyCount "96"]
[EventDate "2019.10.18"]
[EventType "swiss"]
[EventCountry "RUS"]
[SourceTitle "playchess.com"]
[Source "ChessBase"]
[SourceQuality "1"]
[TimeControl "900+10"]

1. e4 Nc6 2. Nf3 e5 3. Bb5 Nf6 4. O-O Nxe4 5. d4 Nd6 6. dxe5 Nxb5 7. a4 d6 8. axb5 Nxe5 9. Re1 Be7 10. Nxe5 dxe5 11. Qxd8+ Kxd8 12. Nc3 f6 13. Be3 b6 14. Red1+ Ke8 15. Nd5 Bd8 16. Nb4 Bb7 17. Nc6 Be7 18. Nxa7 Kf7 19. f3 Ke6 20. Ra4 Rhd8 21. Rxd8 Rxd8 22. Rc4 Rd1+ 23. Kf2 Bd6 24. Nc6 Ba8 25. Nb4 Bd5 26. Rh4 g5 27. Nxd5 gxh4 28. Nc3 Ra1 29. Ke2 f5 30. Bf2 Be7 31. h3 Ra5 32. Kd3 Bb4 33. Ne2 Rxb5 34. c4 Ra5 35. Bxh4 Ra1 36. Kc2 Rh1 37. Bd8 Bd6 38. f4 Rh2 39. Kd3 Rxg2 40. b4 exf4 41. Nd4+ Kd7 42. Bh4 Rh2 43. Nxf5 Rxh3+ 44. Ke4 Bxb4 45. Bf6 Bd6 46. Bd4 Rh1 47. c5 bxc5 48. Bc3 Kc6 0-1

[Event "RUS-chT Men Rapid 2019"]
[Site "Sochi"]
[Date "2019.10.18"]
[Round "2.17"]
[White "Nesterov, Arseniy"]
[Black "Timofeev, Artyom"]
[Result "0-1"]
[ECO "A04"]
[WhiteElo "2484"]
[BlackElo "2595"]
[Annotator "ChessBase"]
[PlyCount "68"]
[EventDate "2019.10.18"]
[EventType "swiss"]
[EventCountry "RUS"]
[SourceTitle "playchess.com"]
[Source "ChessBase"]
[SourceQuality "1"]
[TimeControl "900+10"]

1. Nf3 d6 2. d4 Nf6 3. c4 c5 4. d5 e5 5. Nc3 Bg4 6. h3 Bxf3 7. exf3 g6 8. Bd3 Bg7 9. O-O O-O 10. f4 Bh6 11. fxe5 Bxc1 12. Qxc1 dxe5 13. Qe3 Nbd7 14. Bc2 Rc8 15. f4 exf4 16. Qxf4 Nh5 17. Qf2 Ne5 18. g4 Ng7 19. Qf4 f6 20. Ne4 Ne8 21. Ba4 Nd7 22. Rae1 a6 23. Bxd7 Qxd7 24. Nc3 f5 25. Re5 Nd6 26. Re6 Rcd8 27. g5 b5 28. Rfe1 Rf7 29. cxb5 axb5 30. b4 cxb4 31. Qxb4 Qc7 32. Kf1 Ne4 33. Nxb5 Qf4+ 34. Ke2 Ng3+ 0-1

[Event "RUS-chT Men Rapid 2019"]
[Site "Sochi"]
[Date "2019.10.18"]
[Round "2.19"]
[White "Dudin, Gleb"]
[Black "Faizrakhmanov, Ramil"]
[Result "1-0"]
[ECO "E46"]
[WhiteElo "2314"]
[BlackElo "2434"]
[Annotator "NA"]
[PlyCount "67"]
[EventDate "2019.10.18"]
[EventType "swiss"]
[EventCountry "RUS"]
[SourceTitle "playchess.com"]
[Source "ChessBase"]
[SourceQuality "1"]
[TimeControl "900+10"]

1. d4 Nf6 2. c4 e6 3. Nc3 Bb4 4. e3 O-O 5. Nge2 c6 6. a3 Ba5 7. c5 d5 8. cxd6 Qxd6 9. b4 Bc7 10. g3 e5 11. Bg2 Nbd7 12. O-O Nb6 13. Qc2 Bg4 14. h3 Be6 15. dxe5 Qxe5 16. f4 Qd6 17. e4 Qe7 18. Be3 Nfd7 19. Bf2 f6 20. Rfe1 Rad8 21. Nd4 Rfe8 22. Nd5 cxd5 23. exd5 Rc8 24. Rxe6 Qf7 25. Rae1 Bb8 26. Qe2 Kf8 27. Nf5 g6 28. Nh6 Rxe6 29. dxe6 Qe7 30. exd7 Qxd7 31. Ng4 Kf7 32. Bc5 Bd6 33. Bxb6 axb6 34. Bd5+ 1-0

[Event "RUS-chT Men Rapid 2019"]
[Site "Sochi"]
[Date "2019.10.18"]
[Round "2.20"]
[White "Samusenko, Maksim"]
[Black "Yeritsyan, Aram"]
[Result "1-0"]
[ECO "A45"]
[WhiteElo "2445"]
[BlackElo "2271"]
[Annotator "NA"]
[PlyCount "69"]
[EventDate "2019.10.18"]
[EventType "swiss"]
[EventCountry "RUS"]
[SourceTitle "playchess.com"]
[Source "ChessBase"]
[SourceQuality "1"]
[TimeControl "900+10"]

1. d4 Nf6 2. Bf4 e6 3. e3 c5 4. c3 cxd4 5. exd4 b6 6. Nf3 Be7 7. h3 O-O 8. Nbd2 d6 9. Bd3 Ba6 10. Bxa6 Nxa6 11. Qe2 Nc7 12. O-O b5 13. Rfe1 Nfd5 14. Bg3 Nb6 15. b3 Re8 16. c4 bxc4 17. bxc4 Qd7 18. Rac1 Rac8 19. c5 Nbd5 20. Ne4 dxc5 21. dxc5 Red8 22. Nd6 Bxd6 23. cxd6 Nb5 24. Rxc8 Rxc8 25. Ne5 Qb7 26. d7 Rd8 27. Nxf7 Rxd7 28. Ng5 Re7 29. Be5 h6 30. Ne4 Qb6 31. Rc1 Nd4 32. Rc8+ Kh7 33. Qg4 Nf5 34. Kh2 Qb5 35. Qh5 1-0

[Event "RUS-chT Men Rapid 2019"]
[Site "Sochi"]
[Date "2019.10.18"]
[Round "2.22"]
[White "Eraschenkov, Denis"]
[Black "Lysyj, Igor"]
[Result "1/2-1/2"]
[ECO "A14"]
[WhiteElo "2382"]
[BlackElo "2596"]
[Annotator "ChessBase"]
[PlyCount "61"]
[EventDate "2019.10.18"]
[EventType "swiss"]
[EventCountry "RUS"]
[SourceTitle "playchess.com"]
[Source "ChessBase"]
[SourceQuality "1"]
[TimeControl "900+10"]

1. c4 e6 2. Nf3 Nf6 3. g3 d5 4. Bg2 Be7 5. O-O O-O 6. b3 b6 7. Bb2 Bb7 8. e3 c5 9. Nc3 Qc8 10. Rc1 Rd8 11. cxd5 Nxd5 12. Nxd5 Bxd5 13. d4 Be4 14. Ne5 Bxg2 15. Kxg2 Nc6 16. Nxc6 Qxc6+ 17. Qf3 Qxf3+ 18. Kxf3 Bf6 19. Rc4 Rd7 20. Rfc1 Rad8 21. R1c2 cxd4 22. Bxd4 Bxd4 23. Rxd4 Kf8 24. Ke4 Ke7 25. Rcd2 Rxd4+ 26. Rxd4 Rc8 27. Kd3 h5 28. Rc4 Rd8+ 29. Rd4 Rc8 30. Rc4 Rd8+ 31. Ke4 1/2-1/2

[Event "RUS-chT Men Rapid 2019"]
[Site "Sochi"]
[Date "2019.10.18"]
[Round "2.24"]
[White "Dianov, Alexey"]
[Black "Remizov, Yaroslav"]
[Result "0-1"]
[ECO "B10"]
[WhiteElo "2158"]
[BlackElo "2394"]
[Annotator "NA"]
[PlyCount "98"]
[EventDate "2019.10.18"]
[EventType "swiss"]
[EventCountry "RUS"]
[SourceTitle "playchess.com"]
[Source "ChessBase"]
[SourceQuality "1"]
[TimeControl "900+10"]

1. e4 c6 2. c4 d5 3. cxd5 cxd5 4. exd5 Nf6 5. Qa4+ Nbd7 6. Bc4 g6 7. Nc3 Bg7 8. Nf3 O-O 9. d3 a6 10. Qa3 Nb6 11. Qb3 Nxc4 12. dxc4 b5 13. cxb5 Nxd5 14. Nxd5 Be6 15. O-O Bxd5 16. Qd3 axb5 17. Qxb5 Bxa2 18. Re1 e6 19. Qe2 Bd5 20. Rxa8 Qxa8 21. Bf4 Qb7 22. Bd6 Rd8 23. Ba3 Rb8 24. Bd6 Rd8 25. Ba3 h6 26. h3 Rb8 27. Bd6 Rd8 28. Ba3 Rb8 29. Bd6 Rc8 30. b4 Rc4 31. Rb1 Qb5 32. Qf1 Bxf3 33. gxf3 Qg5+ 34. Bg3 Rc3 35. b5 Rxf3 36. Qg2 Qf5 37. Rb4 Bf8 38. Rb2 Bg7 39. Rb4 Bf8 40. Rb2 Ba3 41. Rd2 Bc5 42. Rd8+ Kh7 43. Rc8 Rc3 44. b6 Bxf2+ 45. Qxf2 Qxf2+ 46. Kxf2 Rxc8 47. b7 Re8 48. Ke3 e5 49. Ke4 Rb8 0-1

[Event "RUS-chT Men Rapid 2019"]
[Site "Sochi"]
[Date "2019.10.18"]
[Round "2.25"]
[White "Zakhartsov, Vladimir"]
[Black "Smirnov, Timofey"]
[Result "1/2-1/2"]
[ECO "D16"]
[WhiteElo "2514"]
[BlackElo "2354"]
[Annotator "ChessBase"]
[PlyCount "86"]
[EventDate "2019.10.18"]
[EventType "swiss"]
[EventCountry "RUS"]
[SourceTitle "playchess.com"]
[Source "ChessBase"]
[SourceQuality "1"]
[TimeControl "900+10"]

1. d4 d5 2. c4 c6 3. Nf3 Nf6 4. Nc3 dxc4 5. a4 e6 6. e3 c5 7. Bxc4 Nc6 8. d5 exd5 9. Nxd5 Nxd5 10. Bxd5 Be7 11. O-O Nb4 12. Bc4 Qxd1 13. Rxd1 Be6 14. Bxe6 fxe6 15. Bd2 Bf6 16. Bc3 Ke7 17. Rac1 Bxc3 18. bxc3 Nc6 19. Kf1 Rhd8 20. Ke2 b6 21. Ng5 h6 22. Ne4 Ne5 23. Rxd8 Rxd8 24. a5 Nc6 25. axb6 axb6 26. Ra1 Kd7 27. f4 Kc7 28. g4 c4 29. g5 Rd3 30. gxh6 gxh6 31. Rg1 Ne7 32. Rd1 Rxd1 33. Kxd1 Nd5 34. Kd2 b5 35. Ng3 Kd6 36. f5 Ke5 37. fxe6 Kxe6 38. Ne2 Ke5 39. Nd4 Ke4 40. Nxb5 Nxe3 41. Ke2 h5 42. Nd6+ Kf4 43. h4 Nd5 1/2-1/2

[Event "RUS-chT Men Rapid 2019"]
[Site "Sochi"]
[Date "2019.10.18"]
[Round "2.27"]
[White "Golubov, Saveliy"]
[Black "Mikhailovsky, Vladimir"]
[Result "1-0"]
[ECO "A48"]
[WhiteElo "2469"]
[BlackElo "2209"]
[Annotator "ChessBase"]
[PlyCount "91"]
[EventDate "2019.10.18"]
[EventType "swiss"]
[EventCountry "RUS"]
[SourceTitle "playchess.com"]
[Source "ChessBase"]
[SourceQuality "1"]
[TimeControl "900+10"]

1. d4 Nf6 2. Nf3 g6 3. Bg5 Bg7 4. Nbd2 d5 5. c3 O-O 6. e3 c6 7. Be2 Nbd7 8. h3 Re8 9. Bf4 h6 10. O-O Nh7 11. c4 e5 12. dxe5 g5 13. Bg3 Nxe5 14. Nxe5 Bxe5 15. Bxe5 Rxe5 16. Nf3 Re6 17. cxd5 Rd6 18. e4 cxd5 19. e5 Rb6 20. Qd2 Be6 21. Nd4 Rc8 22. Bd3 Qe7 23. a3 f6 24. Rae1 fxe5 25. Rxe5 Qf6 26. Qe3 Nf8 27. f4 g4 28. hxg4 Bxg4 29. b4 a5 30. b5 Rd6 31. Qg3 Qg7 32. f5 Nd7 33. Re3 Qxd4 34. Rf4 Qa1+ 35. Re1 Qf6 36. Rxg4+ Kh8 37. Kh2 Rb6 38. Rg6 Qf8 39. Ree6 Rxe6 40. fxe6 Nf6 41. Qe5 Qe7 42. Qxf6+ Qxf6 43. Rxf6 Kg7 44. Rf7+ Kg8 45. Rxb7 Re8 46. Bg6 1-0

[Event "RUS-chT Men Rapid 2019"]
[Site "Sochi"]
[Date "2019.10.18"]
[Round "3.2"]
[White "Potkin, Vladimir"]
[Black "Iljin, Artem"]
[Result "1/2-1/2"]
[ECO "D35"]
[WhiteElo "2583"]
[BlackElo "2509"]
[Annotator "ChessBase"]
[PlyCount "131"]
[EventDate "2019.10.18"]
[EventType "swiss"]
[EventCountry "RUS"]
[SourceTitle "playchess.com"]
[Source "ChessBase"]
[SourceQuality "1"]
[TimeControl "900+10"]

1. c4 e6 2. Nc3 d5 3. d4 Nf6 4. cxd5 exd5 5. Bg5 c6 6. e3 Be7 7. Bd3 Nbd7 8. Qc2 h6 9. Bh4 Nh5 10. Bxe7 Qxe7 11. Nge2 Nb6 12. O-O O-O 13. Rab1 Bd7 14. b4 a6 15. Nc1 g6 16. a4 Ng7 17. b5 axb5 18. axb5 c5 19. dxc5 Qxc5 20. Nb3 Qe7 21. Nd4 Rfc8 22. Qd2 Ne6 23. Nce2 Nc5 24. Nf4 Ne4 25. Bxe4 dxe4 26. Rfd1 Rc5 27. h3 Ra4 28. Ra1 Rxa1 29. Rxa1 Qd6 30. Qb2 Bc8 31. Rd1 Qc7 32. Nde2 Qe7 33. Ng3 Kh7 34. Nxe4 Qxe4 35. Qf6 Qf5 36. Qxb6 Rxb5 37. Qc7 Rb1 38. Rxb1 Qxb1+ 39. Kh2 Qf5 40. e4 Qd7 41. Qe5 h5 42. Nd5 Qe6 43. Qd4 b5 44. Nf6+ Kh6 45. f4 Bb7 46. Qd8 Qc8 47. Qe7 Kg7 48. Qe5 Qe6 49. Nxh5+ Kf8 50. Qb8+ Bc8 51. f5 gxf5 52. Nf4 Qe8 53. Qd6+ Qe7 54. Qh6+ Ke8 55. Qh8+ Kd7 56. Qd4+ Qd6 57. Qa7+ Ke8 58. e5 Qxe5 59. Kg3 Bd7 60. Qb6 Qc3+ 61. Kh2 Qe5 62. Kg3 Qe1+ 63. Kh2 Qe5 64. Kg3 Qe1+ 65. Kh2 Qe5 66. Kg3 1/2-1/2

[Event "RUS-chT Men Rapid 2019"]
[Site "Sochi"]
[Date "2019.10.18"]
[Round "3.3"]
[White "Faizrakhmanov, Ramil"]
[Black "Savchenko, Boris"]
[Result "1/2-1/2"]
[ECO "D70"]
[WhiteElo "2434"]
[BlackElo "2581"]
[Annotator "ChessBase"]
[PlyCount "117"]
[EventDate "2019.10.18"]
[EventType "swiss"]
[EventCountry "RUS"]
[SourceTitle "playchess.com"]
[Source "ChessBase"]
[SourceQuality "1"]
[TimeControl "900+10"]

1. d4 Nf6 2. c4 g6 3. Nf3 Bg7 4. e3 c5 5. Be2 cxd4 6. exd4 d5 7. O-O Nc6 8. Nc3 O-O 9. h3 b6 10. Ne5 Bb7 11. Bf3 Na5 12. Re1 Rc8 13. cxd5 Nxd5 14. Nxd5 Bxd5 15. Bg4 e6 16. Bd2 Nc4 17. Bc3 Qe7 18. Bf3 Qb7 19. Bxd5 Qxd5 20. Qg4 Nd6 21. a4 Rc7 22. Rad1 Nf5 23. Qf4 Rfc8 24. Ng4 Rc4 25. Ne3 Nxe3 26. fxe3 Rxa4 27. Rf1 e5 28. dxe5 Rxf4 29. Rxd5 Rxf1+ 30. Kxf1 Bf8 31. Rd7 a5 32. Rb7 Bc5 33. Ke2 Re8 34. Bd4 a4 35. Kd3 Ra8 36. Ke4 h5 37. g4 hxg4 38. hxg4 Kf8 39. Bxc5+ bxc5 40. Rb5 c4 41. Kd4 a3 42. bxa3 Rxa3 43. Rc5 Rd3+ 44. Ke4 Rc3 45. Rc7 g5 46. Kf5 Rxe3 47. Rxc4 Kg7 48. Rc5 Re2 49. Rd5 Re1 50. Rd7 Re2 51. Re7 Re1 52. Rc7 Re2 53. Rc4 Re1 54. Re4 Rxe4 55. Kxe4 Kf8 56. Kf5 Ke7 57. Kxg5 Ke6 58. Kf4 f6 59. exf6 {Ke5+ Ke4+} 1/2-1/2

[Event "RUS-chT Men Rapid 2019"]
[Site "Sochi"]
[Date "2019.10.18"]
[Round "3.6"]
[White "Lysyj, Igor"]
[Black "Yuffa, Daniil"]
[Result "0-1"]
[ECO "E97"]
[WhiteElo "2596"]
[BlackElo "2577"]
[Annotator "ChessBase"]
[PlyCount "132"]
[EventDate "2019.10.18"]
[EventType "swiss"]
[EventCountry "RUS"]
[SourceTitle "playchess.com"]
[Source "ChessBase"]
[SourceQuality "1"]
[TimeControl "900+10"]

1. d4 Nf6 2. c4 g6 3. Nc3 Bg7 4. e4 d6 5. Be2 O-O 6. Nf3 e5 7. O-O Nc6 8. d5 Ne7 9. Bg5 h6 10. Bd2 a5 11. Rc1 Nd7 12. Qc2 Nc5 13. Be3 Bd7 14. Qd2 Kh7 15. Bxc5 dxc5 16. Ne1 b6 17. Nd3 Nc8 18. f4 exf4 19. Qxf4 f6 20. Qg3 Nd6 21. Nf4 Qe8 22. Bd3 f5 23. exf5 Nxf5 24. Qxg6+ Qxg6 25. Nxg6 Bd4+ 26. Kh1 Kxg6 27. g4 Bxc3 28. Rxc3 Rae8 29. Bb1 Re2 30. gxf5+ Kf6 31. b3 Rg8 32. Rh3 Rh8 33. Rg3 Be8 34. Rg2 Re3 35. Kg1 Bh5 36. Bc2 Rhe8 37. a4 Rc3 38. Rff2 Re1+ 39. Rf1 Re2 40. Bd1 Rxg2+ 41. Kxg2 Bxd1 42. Rxd1 Rxb3 43. d6 cxd6 44. Rxd6+ Kxf5 45. Rxh6 Rb4 46. Kf3 Rxa4 47. Rxb6 Rxc4 48. Ke3 Ke5 49. Kd3 Kd5 50. Ra6 a4 51. Ra8 Rd4+ 52. Kc3 Rc4+ 53. Kd3 Rh4 54. Rd8+ Kc6 55. Rc8+ Kb5 56. Rb8+ Ka5 57. h3 a3 58. Kc3 Rxh3+ 59. Kc4 Rh4+ 60. Kc3 Ra4 61. Ra8+ Kb5 62. Rb8+ Kc6 63. Rb1 a2 64. Ra1 Kb5 65. Kb3 c4+ 66. Kb2 Kb4 0-1

[Event "RUS-chT Men Rapid 2019"]
[Site "Sochi"]
[Date "2019.10.18"]
[Round "3.7"]
[White "Morozevich, Alexander"]
[Black "Gutenev, Alexander"]
[Result "1/2-1/2"]
[ECO "B89"]
[WhiteElo "2659"]
[BlackElo "2469"]
[Annotator "RC"]
[PlyCount "55"]
[EventDate "2019.10.18"]
[EventType "swiss"]
[EventCountry "RUS"]
[SourceTitle "playchess.com"]
[Source "ChessBase"]
[SourceQuality "1"]
[TimeControl "900+10"]

1. e4 c5 2. Nf3 Nc6 3. d4 cxd4 4. Nxd4 Nf6 5. Nc3 d6 6. Bc4 e6 7. Be3 a6 8. Bb3 Qc7 9. f4 Na5 10. f5 Nxb3 11. axb3 Be7 12. g4 d5 13. exd5 Qe5 14. Qe2 Nxg4 15. Qxg4 Qxe3+ 16. Nde2 O-O 17. fxe6 fxe6 18. Qd4 Qxd4 19. Nxd4 Bh4+ 20. Ke2 Rf2+ 21. Ke3 exd5 22. Raf1 Rxf1 23. Rxf1 Bh3 24. Rf3 Bg4 25. Rf1 Bh3 26. Rf3 Bg4 27. Rf1 Bh3 28. Ra1 1/2-1/2

[Event "RUS-chT Men Rapid 2019"]
[Site "Sochi"]
[Date "2019.10.18"]
[Round "3.9"]
[White "Zakhartsov, Vladimir"]
[Black "Goryachkina, Aleksandra"]
[Result "0-1"]
[ECO "E10"]
[WhiteElo "2514"]
[BlackElo "2575"]
[Annotator "ChessBase"]
[PlyCount "82"]
[EventDate "2019.10.18"]
[EventType "swiss"]
[EventCountry "RUS"]
[SourceTitle "playchess.com"]
[Source "ChessBase"]
[SourceQuality "1"]
[TimeControl "900+10"]

1. d4 Nf6 2. c4 e6 3. Nf3 d5 4. g3 Bb4+ 5. Bd2 Be7 6. Bg2 O-O 7. O-O Nbd7 8. Qc2 c6 9. b3 b6 10. Bf4 Bb7 11. Nc3 Nh5 12. Bc1 Nhf6 13. Rd1 Rc8 14. Bb2 Ba6 15. e4 dxc4 16. Qe2 b5 17. bxc4 bxc4 18. Rac1 Re8 19. Rc2 Qa5 20. Ba1 h6 21. Ne5 Nxe5 22. dxe5 Nh7 23. Rd7 Nf8 24. Rd1 Ng6 25. f4 Red8 26. Rxd8+ Rxd8 27. Bf1 Rd3 28. Nd1 c3 29. Qxd3 Bxd3 30. Bxd3 Qb6+ 31. Rf2 Bc5 32. Bxc3 Bxf2+ 33. Nxf2 Qc5 34. Bd2 Qd4 35. Kf1 c5 36. Ke2 c4 37. Bc2 Qb2 38. Kd1 Ne7 39. Ng4 Nc6 40. Ne3 Nd4 41. Bc1 Qxa2 0-1

[Event "RUS-chT Men Rapid 2019"]
[Site "Sochi"]
[Date "2019.10.18"]
[Round "3.10"]
[White "Pridorozhni, Aleksei"]
[Black "Bryakin, Mikhail"]
[Result "1-0"]
[ECO "B11"]
[WhiteElo "2599"]
[BlackElo "2440"]
[Annotator "ChessBase"]
[PlyCount "115"]
[EventDate "2019.10.18"]
[EventType "swiss"]
[EventCountry "RUS"]
[SourceTitle "playchess.com"]
[Source "ChessBase"]
[SourceQuality "1"]
[TimeControl "900+10"]

1. e4 c6 2. Nc3 d5 3. Nf3 Bg4 4. h3 Bxf3 5. Qxf3 e6 6. a3 Nd7 7. d3 Ngf6 8. g3 a5 9. Bg2 Bc5 10. O-O O-O 11. Qe2 dxe4 12. dxe4 e5 13. Kh2 Re8 14. Bd2 a4 15. Rae1 Qc7 16. f4 b5 17. f5 h6 18. h4 Nh7 19. Nd1 Bd4 20. Bc1 Rad8 21. Nf2 Qa7 22. Nh3 Rb8 23. g4 f6 24. Bf3 Rf8 25. Rd1 Rbd8 26. Bg2 Bc5 27. Rd3 Be7 28. Rg3 Qd4 29. Rd1 Qa7 30. Bf3 Nb6 31. Rdg1 Nc4 32. g5 fxg5 33. hxg5 Bxg5 34. Nxg5 Nxg5 35. Bh5 Rd4 36. Rxg5 hxg5 37. Bg6 Rfd8 38. Qh5 Rd2+ 39. Rg2 Rxg2+ 40. Kxg2 Ne3+ 41. Kf3 g4+ 42. Ke2 Qd4 43. Qh7+ Kf8 44. Qh8+ Ke7 45. Qxg7+ Kd6 46. Bxe3 Qxe4 47. f6 Qf3+ 48. Kd2 Rd7 49. f7 Kc7+ 50. Bd3 Rxf7 51. Qxe5+ Kb7 52. Qd4 g3 53. Be4 Qf6 54. Qb6+ Kc8 55. Bxc6 Qd6+ 56. Ke2 Rf6 57. Qb7+ Kd8 58. Bb6+ 1-0

[Event "RUS-chT Men Rapid 2019"]
[Site "Sochi"]
[Date "2019.10.18"]
[Round "3.11"]
[White "Golubov, Saveliy"]
[Black "Potapov, Pavel"]
[Result "1-0"]
[ECO "A82"]
[WhiteElo "2469"]
[BlackElo "2489"]
[Annotator "ChessBase"]
[PlyCount "84"]
[EventDate "2019.10.18"]
[EventType "swiss"]
[EventCountry "RUS"]
[SourceTitle "playchess.com"]
[Source "ChessBase"]
[SourceQuality "1"]
[TimeControl "900+10"]

1. d4 f5 2. e4 fxe4 3. Nc3 Nf6 4. f3 e3 5. Bxe3 d5 6. Bd3 c5 7. dxc5 e5 8. Bf2 Nc6 9. Nge2 Qa5 10. O-O Bxc5 11. Bxc5 Qxc5+ 12. Kh1 O-O 13. Qd2 Be6 14. a3 Rae8 15. b4 Qe7 16. Ng3 Qf7 17. Rae1 Nh5 18. b5 Nxg3+ 19. hxg3 Qh5+ 20. Kg1 Nd4 21. Qe3 Bf7 22. Qd2 Be6 23. Qe3 Bf7 24. Qf2 Rc8 25. f4 Be6 26. Nd1 Bg4 27. Ne3 Rce8 28. Nxd5 Re6 29. Qe3 Rh6 30. Qxe5 Qh2+ 31. Kf2 Rh3 32. Ne7+ Kh8 33. f5 Nf3 34. Qd6 Qxg2+ 35. Ke3 Qd2+ 36. Ke4 Nxe1 37. f6 Bf3+ 38. Rxf3 gxf6 39. Ng6+ hxg6 40. Qxf8+ Kh7 41. Rxf6 Qg2+ 42. Kd4 Nxc2+ {[%emt 0:00:28] Ke4} 1-0

[Event "RUS-chT Men Rapid 2019"]
[Site "Sochi"]
[Date "2019.10.18"]
[Round "3.12"]
[White "Belyakov, Bogdan"]
[Black "Apryshko, Gleb"]
[Result "1/2-1/2"]
[ECO "C12"]
[WhiteElo "2495"]
[BlackElo "2382"]
[Annotator "ChessBase"]
[PlyCount "50"]
[EventDate "2019.10.18"]
[EventType "swiss"]
[EventCountry "RUS"]
[SourceTitle "playchess.com"]
[Source "ChessBase"]
[SourceQuality "1"]
[TimeControl "900+10"]

1. e4 e6 2. d4 d5 3. Nc3 Nf6 4. Bg5 Bb4 5. Nge2 dxe4 6. a3 Be7 7. Bxf6 Bxf6 8. Nxe4 Bd7 9. g3 Bc6 10. Bg2 g6 11. O-O Bg7 12. c4 Nd7 13. b4 Bxe4 14. Bxe4 c6 15. Rb1 Nf6 16. Bg2 a6 17. a4 O-O 18. b5 axb5 19. axb5 Qd7 20. bxc6 bxc6 21. Rb6 Rac8 22. Qb3 c5 23. Rb7 Qd6 24. Rb6 Qd7 25. Rb7 Qd6 1/2-1/2

[Event "RUS-chT Men Rapid 2019"]
[Site "Sochi"]
[Date "2019.10.18"]
[Round "3.13"]
[White "Drygalov, Andrey"]
[Black "Kokarev, Dmitry"]
[Result "0-1"]
[ECO "B90"]
[WhiteElo "2484"]
[BlackElo "2593"]
[Annotator "ChessBase"]
[PlyCount "104"]
[EventDate "2019.10.18"]
[EventType "swiss"]
[EventCountry "RUS"]
[SourceTitle "playchess.com"]
[Source "ChessBase"]
[SourceQuality "1"]
[TimeControl "900+10"]

1. e4 c5 2. Nf3 d6 3. d4 Nf6 4. Nc3 cxd4 5. Nxd4 a6 6. Be3 e5 7. Nb3 Be6 8. f3 Nbd7 9. Qd2 Be7 10. O-O-O b5 11. g4 h6 12. Kb1 Nb6 13. Qf2 Nfd7 14. h4 Qc7 15. Rh2 Nc4 16. Bxc4 bxc4 17. Nc1 Rb8 18. N1e2 O-O 19. Ka1 Qb7 20. Bc1 Rfc8 21. g5 h5 22. f4 Bg4 23. Rf1 Bd8 24. fxe5 Nxe5 25. Qg3 Ba5 26. Nd5 Bd2 27. Qa3 Bxe2 28. Rxe2 c3 29. b3 Qb5 30. Ref2 Nc4 31. Qa4 Qxa4 32. bxa4 Rb7 33. Bxd2 cxd2 34. Rd1 Na3 35. Rfxd2 Nxc2+ 36. Rxc2 Rxc2 37. a3 Rc4 38. Re1 Rxa4 39. Ka2 Rc4 40. Re2 Rb8 41. Ne7+ Kf8 42. Nf5 Rb6 43. Rf2 g6 44. Ne3 Rxe4 45. Nd5 Rb7 46. Nf6 Rxh4 47. Re2 Re7 48. Rc2 Rhe4 49. Rc8+ Re8 50. Nxe8 Rxe8 51. Rc6 a5 52. Rxd6 Re5 0-1

[Event "RUS-chT Men Rapid 2019"]
[Site "Sochi"]
[Date "2019.10.18"]
[Round "3.14"]
[White "Shariyazdanov, Andrey"]
[Black "Lugovskoy, Maxim"]
[Result "0-1"]
[ECO "D31"]
[WhiteElo "2519"]
[BlackElo "2436"]
[Annotator "ChessBase"]
[PlyCount "212"]
[EventDate "2019.10.18"]
[EventType "swiss"]
[EventCountry "RUS"]
[SourceTitle "playchess.com"]
[Source "ChessBase"]
[SourceQuality "1"]
[TimeControl "900+10"]

1. c4 e6 2. d4 d5 3. Nc3 a6 4. cxd5 exd5 5. Bf4 c6 6. e3 Bd6 7. Bg3 Nf6 8. Bd3 Qe7 9. Bh4 Nbd7 10. Nf3 Nf8 11. O-O Ng6 12. Bxf6 Qxf6 13. e4 Bg4 14. e5 Bxf3 15. exf6 Bxd1 16. fxg7 Rg8 17. Re1+ Kd8 18. Nxd1 Nf4 19. Bf5 Rxg7 20. g3 Rg5 21. Ne3 Bb4 22. Red1 h5 23. Kf1 Ne6 24. Rd3 Kc7 25. h4 Rgg8 26. a3 Ba5 27. Bxe6 fxe6 28. Ng2 Kd7 29. Nf4 Bc7 30. Nxh5 Raf8 31. Rb3 b5 32. Rc1 Rf5 33. Rbc3 Rxh5 34. Rxc6 Bb8 35. Rxa6 Rf5 36. Kg2 e5 37. dxe5 Rxe5 38. Rb6 Re2 39. Rxb5 Bxg3 40. Rxd5+ Bd6+ 41. Kf1 Rxb2 42. Rcd1 Rg6 43. a4 Ra2 44. a5 Rf6 45. R1d2 Ra1+ 46. Kg2 Kc6 47. h5 Bc5 48. Rg5 Rxa5 49. Rg6 Rxg6+ 50. hxg6 Bd6 51. f4 Bxf4 52. Rd8 Rg5+ 53. Kf3 Bd6 54. Rg8 Kd7 55. Ke4 Ke7 56. g7 Be5 57. Ra8 Bxg7 58. Ra7+ Kf8 59. Rb7 Bf6 60. Rd7 Be7 61. Rd5 Rg1 62. Rf5+ Kg7 63. Kd5 Bf6 64. Rf3 Rd1+ 65. Ke6 Re1+ 66. Kd5 Kf7 67. Rb3 Re5+ 68. Kd6 Ra5 69. Rf3 Ra4 70. Re3 Rd4+ 71. Kc6 Kg6 72. Rf3 Kg5 73. Kc5 Rd8 74. Rf1 Be5 75. Rf7 Bf6 76. Kc6 Rd1 77. Kc5 Kf5 78. Rh7 Ke4 79. Kc6 Be5 80. Rh4+ Bf4 81. Rh5 Rd6+ 82. Kc5 Rf6 83. Rh4 Rg6 84. Rh8 Be3+ 85. Kb5 Bd4 86. Rd8 Rb6+ 87. Kc4 Rc6+ 88. Kb5 Rc1 89. Rg8 Kd3 90. Rg3+ Be3 91. Rg8 Rc5+ 92. Kb4 Rd5 93. Rg3 Rf5 94. Rh3 Rg5 95. Rf3 Rh5 96. Rg3 Rh6 97. Kb5 Rb6+ 98. Ka5 Rb1 99. Rh3 Kd4 100. Rh4+ Kc5 101. Rh5+ Kc4 102. Ka6 Rb6+ 103. Ka5 Rf6 104. Rh4+ Bd4 105. Rg4 Rh6 106. Rf4 Rh7 0-1